 Dungeon Crawl Stone Soup version 0.28-a0-794-gafe8c5f9e9 (webtiles) character file.

Game seed: 18144646031772839195

0 spiderkeys the Skirmisher (level 1, 0/14 HPs)
             Began as a Tengu Abyssal Knight on Nov 6, 2021.
             Was a Follower of Lugonu.
             Constricted to death by a starspawn tentacle (3 damage)
             ... attached to a tentacled starspawn
             ... on level 1 of the Abyss.
             The game lasted 00:00:11 (104 turns).

spiderkeys the Skirmisher (Tengu Abyssal Knight)     Turns: 104, Time: 00:00:11

Health: 0/14       AC:  3    Str: 13    XL:     1   Next: 0%
Magic:  3/3        EV:  8    Int: 10    God:    Lugonu [*.....]
Gold:   0          SH:  0    Dex: 14    Spells: 0/0 levels left

rFire   . . .      SeeInvis .   a - +1 spear
rCold   . . .      Faith    .   (no shield)
rNeg    . . .      Spirit   .   b - +0 leather armour
rPois   .          Reflect  .   (helmet restricted)
rElec   .          Harm     .   (no cloak)
rCorr   .          Rampage  .   (no gloves)
Will    .....                   (boots unavailable)
Stlth   +.........              (no amulet)
HPRegen 0.04/turn               (no ring)
MPRegen 0.08/turn               (no ring)

@: constricted
A: beak, talons 3
a: Renounce Religion, Depart the Abyss


You were on level 1 of the Abyss.
You worshipped Lugonu.
Lugonu was aware of your devotion.
You visited 0 branches of the dungeon, and saw 0 of its levels.
You visited the Abyss 1 time.


Innate Abilities, Weirdness & Mutations

You have a beak for a mouth.
You have claws for feet.


   Skills:
 + Level 3.0 Fighting
 + Level 2.1 Polearms
 + Level 2.1 Armour
 + Level 1.1 Dodging
 + Level 1.5 Invocations


You couldn't memorise any spells.
You didn't know any spells.
Your spell library was empty.

Inventory:

Hand Weapons
 a - a +1 spear (weapon)
Armour
 b - a +0 leather armour (worn)

Dungeon Overview and Level Annotations

Branches:
Dungeon (0/15)

Altars:

#...#..#...#..#
###.##.#.##.##
#..4.Λ5####.#
##.#./#│##.###
. .
#<..X#.##.#.#
.###\#........
##.#\..#...#. #
#.#..w#.####
..#.##.@.#.
..#.# ##..#
.#.. ...# ##
#.#.. .# ##. ##
.. ##


You could see a tentacled starspawn, a starspawn tentacle and an ufetubus.


Message History

🤖 Initializing magus.rc ... ✅ Successfully initialized magus.rc [v1.9.10] Welcome, spiderkeys the Tengu Abyssal Knight.
It is said that the Orb of Zot exists deep within this dungeon.
Lugonu says: Depart the Abyss and spread corruption, my servant! (use the ability menu to exit the Abyss) Press ? for a list of commands and other information.
Found a corrupted altar of Lugonu.
Found a hide-covered altar of Uskayaw.
Key pressed, stopping explore.
Key pressed, stopping explore.
Unknown command.
An ufetubus comes into view.
The ufetubus shouts!
You hit the ufetubus. The ufetubus closely misses you.
The ufetubus barely misses you. The ufetubus closely misses you.
The ufetubus barely misses you.
You barely miss the ufetubus. Your kick misses the ufetubus.
The ufetubus hits you.
The ufetubus hits you but does no damage.
A tentacled starspawn comes into view.
You closely miss the ufetubus. The ufetubus hits you. x2
* * * LOW HITPOINT WARNING * * *
The ufetubus closely misses you.
The ufetubus barely misses you. 😨 HP[-7]
You take 7 damage, and now have 7/14 hp.
MASSIVE DAMAGE!! (PAUSE)
You hit the ufetubus. The ufetubus closely misses you.
The ufetubus hits you but does no damage.
A chaos spawn comes into view.
You completely miss the ufetubus. Your peck misses the ufetubus.
The ufetubus hits you.
* * * LOW HITPOINT WARNING * * *
The ufetubus barely misses you. 😨 HP[-2]
You take 2 damage, and now have 5/14 hp.
You hit the tentacled starspawn. You claw the tentacled starspawn.
You peck the tentacled starspawn. You hit the tentacled starspawn.
Your peck misses the tentacled starspawn.
Unknown command. 😨 HP[+1] Tentacles burst from the starspawn's body! 2 starspawn tentacles come into view.
The starspawn tentacle grabs you. The starspawn tentacle constricts you.
* * * LOW HITPOINT WARNING * * *
😱 HP[-3]
You take 3 damage, and now have 3/14 hp.
MASSIVE DAMAGE!! (PAUSE)
You escape the starspawn tentacle's grasp.
The starspawn tentacle grabs you. The starspawn tentacle constricts you.
You die...

Action                   || total
-------------------------++-------
Melee: Spear             ||     7
       Kick              ||     1
       Peck              ||     1
Armor: Leather armour    ||     2
Dodge: Dodged            ||     8

Levels and vault maps discovered:
Abyss:1:  base: Temple, base:
Temple

Notes
Turn   | Place    | Note
-------+----------+-------------------------------------------
     0 | Abyss:1  | spiderkeys the Tengu Abyssal Knight began the quest for the
                  | Orb.
     0 | Abyss:1  | Reached XP level 1. HP: 14/14 MP: 3/3
     0 | Abyss:1  | magus.rc [v1.9.10]
     8 | Abyss:1  | Found a hide-covered altar of Uskayaw.
    92 | Abyss:1  | Noticed a tentacled starspawn
    94 | Abyss:1  | Noticed a chaos spawn
   102 | Abyss:1  | HP: 3/14 [constriction[a tentacled starspawn] (3)]
   104 | Abyss:1  | Constricted to death by a starspawn tentacle

Vanquished Creatures (others)
  A starspawn tentacle (Abyss:1)
1 creature vanquished.

Table legend:
 A = Non-vault XP
 B = Vault XP
 C = Vault XP percentage of total XP
 D = Non-vault monster count
 E = Vault monster count
 F = Vault count percentage of total count
                 A         B        C        D         E       F
            +---------+---------+-------+---------+---------+-------
      Total |       0 |       0 |   N/A |       0 |       0 |  -nan
            +---------+---------+-------+---------+---------+-------
            +---------+---------+-------+---------+---------+-------

Illustrated notes

Table legend: (Time is in decaauts)
 A = Elapsed time spent in this place.
 B = Non-inter-level travel time spent in this place.
 C = Inter-level travel time spent in this place.
 D = Time resting spent in this place.
 E = Time spent auto-exploring this place.
 F = Levels seen in this place.
 G = Mean time per level.
                   A        B        C        D        E       F      G
               +--------+--------+--------+--------+--------+-----+--------+
         Total |    104 |    104 |      0 |      0 |     88 |   1 |  104.0 |
         Abyss |    104 |    104 |      0 |      0 |     88 |   1 |  104.0 |
               +--------+--------+--------+--------+--------+-----+--------+

Top non-repeatable levels by time:
 Abyss:1: 104 daAuts
